[ PARTIDA AOE2 · #494428564 ]
UnrankedMuiscas vs Britons
Equipo del jugador · VICT
Equipo rival · DERR
[ ANÁLISIS DE REPETICIÓN · EXTRAÍDO DE LA PARTIDA GRABADA ]
Feudal
17:18
Castillos
—
Imperial
—
| APM promedio | 41.4 |
| APM pico | 99 |
| eAPM promedio | 18.4 |
| Aldeanos / militares | 51 / 2 |
Foco
⚔️ 20.3% · 🌾 79.7%
Archer ×2 · Unknown (2550) ×1
Feudal
11:36
Castillos
—
Imperial
—
| APM promedio | 25.8 |
| APM pico | 58 |
| eAPM promedio | 17.6 |
| Aldeanos / militares | 36 / 15 |
Foco
⚔️ 24.8% · 🌾 75.2%
Archer ×12 · Skirmisher ×2 · Militia ×1
Mapa de la partida
Recursos iniciales + cada clic de construcción. Líneas = muros · curvas = relieve. ◆ oro · ⬟ piedra · ● bayas · ✦ reliquia · ◌ hueco del cierre
Tu base· Abierta — flanco sin cerrar
Base de Owl Lomesto· Abierta — flanco sin cerrar
Terreno inicial suavizado · ◌ = hueco del cierre detectado · pasá el cursor para detalles
Inputs por minuto
— Pelantaro - - Owl Lomesto
Build order — Pelantaro
93 acciones detectadas en el replay
| 0:00 | Crear | Villager (Male) |
| 0:01 | Crear | Villager (Male) |
| 0:01 | Crear | Villager (Male) |
| 0:02 | Construir | House |
| 0:03 | Construir | House |
| 0:06 | Crear | Villager (Male) |
| 0:06 | Crear | Villager (Male) |
| 1:24 | Crear | Villager (Male) |
| 2:05 | Crear | Villager (Male) |
| 2:39 | Crear | Villager (Male) |
| 2:40 | Crear | Villager (Male) |
| 2:51 | Crear | Villager (Male) |
| 2:51 | Crear | Villager (Male) |
| 2:56 | Construir | House |
| 3:12 | Crear | Villager (Male) |
| 3:12 | Crear | Villager (Male) |
| 3:59 | Crear | Villager (Male) |
| 3:59 | Crear | Villager (Male) |
| 3:59 | Crear | Villager (Male) |
| 4:01 | Investigar | Loom |
| 4:05 | Crear | Villager (Male) |
| 4:06 | Crear | Villager (Male) |
| 4:40 | Crear | Villager (Male) |
| 4:40 | Crear | Villager (Male) |
| 4:46 | Construir | Settlement |
| 4:58 | Crear | Villager (Male) |
| 4:59 | Crear | Villager (Male) |
| 5:51 | Construir | Settlement |
| 6:07 | Crear | Villager (Male) |
| 6:27 | Crear | Villager (Male) |
| 6:27 | Crear | Villager (Male) |
| 6:27 | Crear | Villager (Male) |
| 7:02 | Crear | Villager (Male) |
| 7:02 | Crear | Villager (Male) |
| 7:22 | Crear | Villager (Male) |
| 7:29 | Crear | Villager (Male) |
| 7:30 | Crear | Villager (Male) |
| 7:30 | Crear | Villager (Male) |
| 7:57 | Crear | Villager (Male) |
| 8:03 | Construir | Settlement |
| 8:05 | Crear | Villager (Male) |
| 8:05 | Crear | Villager (Male) |
| 8:25 | Crear | Villager (Male) |
| 8:25 | Crear | Villager (Male) |
| 8:31 | Construir | Settlement |
| 8:43 | Construir | Settlement |
| 8:58 | Crear | Villager (Male) |
| 9:24 | Construir | Settlement |
| 9:25 | Crear | Villager (Male) |
| 9:26 | Crear | Villager (Male) |
| 9:26 | Crear | Villager (Male) |
| 10:35 | Construir | Palisade Wall |
| 11:02 | Construir | Settlement |
| 11:15 | Construir | House |
| 11:23 | Construir | House |
| 12:33 | Construir | Settlement |
| 12:41 | Crear | Villager (Male) |
| 12:46 | Construir | Farm |
| 12:48 | Construir | Farm |
| 13:41 | Investigar | Feudal Age |
| 14:14 | Construir | Town Center |
| 14:23 | Construir | House |
| 14:30 | Construir | House |
| 15:08 | Investigar | Feudal Age |
| 15:31 | Construir | Settlement |
| 15:35 | Crear | Villager (Male) |
| 15:44 | Construir | Settlement |
| 17:18 | Edad | Edad Feudal |
| 17:20 | Construir | Watch Tower |
| 17:24 | Construir | Blacksmith |
| 17:42 | Construir | Watch Tower |
| 17:52 | Investigar | Fletching |
| 18:09 | Crear | Villager (Male) |
| 18:10 | Crear | Villager (Male) |
| 18:38 | Crear | Villager (Male) |
| 18:52 | Construir | Watch Tower |
| 19:36 | Construir | Settlement |
| 19:38 | Crear | Villager (Male) |
| 20:27 | Crear | Villager (Male) |
| 21:03 | Construir | Watch Tower |
| 21:49 | Crear | Villager (Male) |
| 23:15 | Construir | Outpost |
| 23:37 | Construir | Barracks |
| 23:38 | Crear | Villager (Male) |
| 23:50 | Construir | Farm |
| 24:00 | Construir | Settlement |
| 24:06 | Construir | Archery Range |
| 25:26 | Construir | Town Center |
| 25:41 | Construir | Town Center |
| 26:07 | Crear | Archer |
| 26:07 | Crear | Archer |
| 26:33 | Crear | Unit 2550 |
| 26:36 | Crear | Villager (Male) |
Build order — Owl Lomesto
84 acciones detectadas en el replay
| 0:01 | Crear | Villager (Male) |
| 0:01 | Crear | Villager (Male) |
| 0:02 | Construir | House |
| 0:04 | Construir | House |
| 0:51 | Crear | Villager (Male) |
| 1:07 | Crear | Villager (Male) |
| 1:29 | Construir | Lumber Camp |
| 1:34 | Crear | Villager (Male) |
| 1:49 | Crear | Villager (Male) |
| 2:07 | Crear | Villager (Male) |
| 2:40 | Crear | Villager (Male) |
| 3:01 | Construir | House |
| 3:02 | Construir | House |
| 3:08 | Crear | Villager (Male) |
| 3:45 | Crear | Villager (Male) |
| 3:54 | Construir | Mill |
| 4:02 | Crear | Villager (Male) |
| 4:26 | Crear | Villager (Male) |
| 5:00 | Crear | Villager (Male) |
| 5:31 | Crear | Villager (Male) |
| 5:32 | Crear | Villager (Male) |
| 5:32 | Crear | Villager (Male) |
| 6:18 | Construir | Lumber Camp |
| 6:44 | Crear | Villager (Male) |
| 7:20 | Construir | Mining Camp |
| 7:32 | Investigar | Loom |
| 7:33 | Crear | Villager (Male) |
| 7:34 | Crear | Villager (Male) |
| 9:19 | Crear | Villager (Male) |
| 9:26 | Investigar | Feudal Age |
| 10:04 | Crear | Villager (Male) |
| 10:45 | Construir | Mill |
| 10:53 | Construir | Farm |
| 11:08 | Construir | Barracks |
| 11:36 | Edad | Edad Feudal |
| 11:56 | Construir | Archery Range |
| 12:07 | Crear | Villager (Male) |
| 12:35 | Crear | Archer |
| 12:39 | Construir | Archery Range |
| 12:41 | Construir | House |
| 12:41 | Construir | House |
| 13:16 | Crear | Archer |
| 13:29 | Crear | Militia |
| 13:34 | Crear | Villager (Male) |
| 13:49 | Crear | Archer |
| 14:06 | Crear | Villager (Male) |
| 14:21 | Crear | Archer |
| 14:40 | Crear | Villager (Male) |
| 15:03 | Crear | Villager (Male) |
| 15:16 | Construir | House |
| 15:27 | Crear | Archer |
| 15:27 | Crear | Archer |
| 15:29 | Crear | Villager (Male) |
| 15:37 | Construir | Farm |
| 16:09 | Construir | Blacksmith |
| 16:28 | Crear | Villager (Male) |
| 16:36 | Construir | Farm |
| 18:08 | Crear | Archer |
| 18:08 | Crear | Archer |
| 18:22 | Crear | Villager (Male) |
| 18:23 | Crear | Villager (Male) |
| 18:24 | Crear | Villager (Male) |
| 18:56 | Crear | Villager (Male) |
| 19:04 | Crear | Villager (Male) |
| 19:44 | Crear | Villager (Male) |
| 19:51 | Construir | House |
| 20:56 | Crear | Villager (Male) |
| 21:54 | Construir | Farm |
| 21:55 | Crear | Villager (Male) |
| 22:30 | Construir | Lumber Camp |
| 22:43 | Construir | Mining Camp |
| 23:02 | Crear | Skirmisher |
| 23:02 | Crear | Skirmisher |
| 23:58 | Construir | House |
| 24:02 | Crear | Archer |
| 24:02 | Crear | Archer |
| 24:07 | Construir | House |
| 24:29 | Construir | Town Center |
| 24:38 | Crear | Archer |
| 24:39 | Crear | Archer |
| 25:14 | Construir | Market |
| 25:15 | Construir | House |
| 25:16 | Construir | House |
| 25:30 | Construir | Farm |
Cronología de la partida
| 10:35 | Pelantaro · wall_segment Palisade Wall x1 |
| 11:08 | Owl Lomesto · first_building Barracks |
| 11:36 | Owl Lomesto · age_up feudal |
| 11:56 | Owl Lomesto · first_building Archery Range |
| 17:18 | Pelantaro · age_up feudal |
| 23:37 | Pelantaro · first_building Barracks |
| 24:06 | Pelantaro · first_building Archery Range |
| 26:47 | Owl Lomesto · resign |
[ ANÁLISIS IA · 1 CRÉDITO ]
¿Qué pasó realmente en esta partida?
Wolo.gg analiza cada decisión: build order, eco, micro, errores típicos por bracket. Análisis personalizado por WhatsApp o Discord en 30 segundos.
Guía civ
Muiscas
Perfil
Pelantaro